 Dungeon Crawl Stone Soup version 0.25.0-45-g978344163c (webtiles) character file.

Game seed: 466353866558972651

90 Ethylacetat the Chiller (level 4, -2/27 HPs)
             Began as an Octopode Ice Elementalist on July 11, 2020.
             Slain by Grinder (9 damage)
             ... while paralysed by Grinder
             ... on level 3 of the Dungeon.
             The game lasted 00:07:02 (2249 turns).

Ethylacetat the Chiller (Octopode Ice Elementalist) Turns: 2249, Time: 00:07:03

Health: -2/27      AC:  1    Str:  7    XL:     4   Next: 56%
Magic:  5/7        EV:  2    Int: 18    God:
Gold:   98         SH:  0    Dex: 12    Spells: 7/8 levels left

rFire    . . .     SeeInvis .   j - +0 dagger
rCold    . . .     Gourm    .   (no shield)
rNeg     . . .     Faith    .   (helmet restricted)
rPois    .         Spirit   .   (no amulet)
rElec    .         Reflect  .   (no ring)
rCorr    .         Harm     .   (no ring)
MR       .....                  (no ring)
Stlth    +++.......             (no ring)
HPRegen  0.09/turn              (no ring)
MPRegen  0.10/turn              (no ring)
                                (no ring)
                                (no ring)

@: paralysed
A: almost no armour, stealthy swim, amphibious, 8 rings, constrict 8, camouflage
1, gelatinous body 1
a: no special abilities


You were on level 3 of the Dungeon.
You were not hungry.

You visited 1 branch of the dungeon, and saw 3 of its levels.

You collected 98 gold pieces.

Inventory:

Hand Weapons
 j - a +0 dagger (weapon)
Jewellery
 c - a +6 ring of intelligence
Scrolls
 a - 3 scrolls of fear {unknown}
 d - 3 scrolls of identify {unknown}
 e - 2 scrolls of teleportation {unknown}
 i - a scroll of magic mapping {unknown}
Potions
 f - a potion of magic {unknown}
 g - a potion of haste {unknown}
 k - a potion of mutation {unknown}
Comestibles
 b - 7 rations
 h - 2 chunks of flesh


   Skills:
 - Level 2.0 Dodging
 - Level 2.8 Stealth
 + Level 2.6 Spellcasting
 * Level 5.4 Ice Magic


You had 7 spell levels left.
You knew the following spells:

 Your Spells              Type           Power        Failure   Level  Hunger
a - Freeze                Ice            ###.         1%          1    #......

Your spell library contained the following spells:

 Spells                   Type           Power        Failure   Level  Hunger
 Frozen Ramparts          Ice            ###...       5%          3    ###....
 Ozocubu's Armour         Chrm/Ice       ##......     17%         3    ###....
 Hailstorm                Conj/Ice       ##......     50%         4    #####..
 Summon Ice Beast         Ice/Summ       ##......     50%         4    #####..


Dungeon Overview and Level Annotations

Branches:
Dungeon (3/15)

Altars:
Ru
Zin

Annotations:
D:3 Grinder


Innate Abilities, Weirdness & Mutations

You cannot wear most types of armour.
You are very stealthy in the water. (Stealth+)
You are amphibious.
You can wear up to eight rings at the same time.
You can use your tentacles to constrict eight enemies at once.
Your skin changes colour to match your surroundings (Stealth+).
Your rubbery body absorbs attacks. (AC +1, EV +1)


Message History

Grinder is too close now for your liking.
Casting: Freeze (safe; 1% risk of failure)
Confirm with . or Enter, or press ? or * to list all spells.
Aiming: Freeze (safe; 1% risk of failure)
Press: ? - help, Shift-Dir - straight line, f - Grinder
Aim: Grinder Grinder resists.
You freeze Grinder.
Grinder is lightly wounded.
Grinder gestures at you.
You suddenly lose the ability to move!
Grinder blinks!
You can move again.
Unknown command.
Unknown command.
Grinder gestures at you.
You suddenly lose the ability to move!
Grinder hits you.
You writhe in agony.
* * * LOW HITPOINT WARNING * * *
Grinder hits you!
You die...

#. #####.######
...........# ...........#
# .....5.....##.#
..............#
...........#
###############+#5#######
................@.).....#
#################........
.(........ #........
##........ #........
.......... ........$
.......... #........
##.....#.# #.######.
.......# # #.# #......#


You could see Grinder.

Vanquished Creatures
  3 adders
  An ooze (D:1)
  2 dart slugs (D:2)
  3 leopard geckos (D:2)
  4 bats
  2 giant cockroaches
  5 goblins
  10 hobgoblins
  5 kobolds
  3 ball pythons
  7 frilled lizards
  4 rats
49 creatures vanquished.

Notes
Turn   | Place    | Note
-------+----------+-------------------------------------------
     0 | D:1      | Ethylacetat the Octopode Ice Elementalist began the quest
                  | for the Orb.
     0 | D:1      | Reached XP level 1. HP: 11/11 MP: 3/3
   305 | D:1      | Reached XP level 2. HP: 14/17 MP: 0/5
   856 | D:1      | Reached XP level 3. HP: 21/21 MP: 4/6
  1140 | D:2      | Reached skill level 5 in Ice Magic
  1251 | D:2      | Reached XP level 4. HP: 26/27 MP: 2/7
  1694 | D:3      | Found a sacrificial altar of Ru.
  2204 | D:3      | Found a glowing silver altar of Zin.
  2227 | D:3      | Noticed Grinder
  2227 | D:3      | Paralysed by Grinder for 5 turns
  2241 | D:3      | Paralysed by Grinder for 2 turns
  2246 | D:3      | Paralysed by Grinder for 7 turns
  2249 | D:3      | Slain by Grinder

Illustrated notes

Levels and vault maps discovered:
D:1:      lightli_arrival_flooded_house, layout_basic
D:2:      layout_basic, minmay_pentomino_p2
D:3:      layout_basic, lemuel_crystal_altar,
          chequers_temple_overflow_statue_of_worship, overflow_temple_1_default,
          uniq_grinder

Skill      XL: |  1  2  3 |
---------------+----------+-----
Ice Magic      | 5 |  5.4
Dodging        | |  2.0
Stealth        | |  2.8
Spellcasting   | |  2.6

Action                   |  1- 3 |  4- 6 || total
-------------------------+-------+-------++-------
Melee: Unarmed           |     4 |       ||     4
       Tentacles         |     2 |       ||     2
       Dagger            |     7 |     3 ||    10
       Constrict         |     4 |       ||     4
 Cast: Freeze            |    44 |    28 ||    72
 Stab: Sleeping          |       |     2 ||     2
  Eat: Chunk             |     1 |     4 ||     5
Armor: Skin              |       |     3 ||     3
Dodge: Dodged            |    20 |    12 ||    32
